 Dungeon Crawl Stone Soup version 0.31.0-32-g396128a36d (webtiles) character file.

Game seed: 993404630164981063

375 Cheops the Changeling (level 6, -7/37 (38) HPs)
             Began as an Octopode Shapeshifter on Mar 26, 2024.
             Mangled by a wight
             ... wielding a +0 hand axe
              (10 damage)
             ... on level 4 of the Dungeon.
             The game lasted 00:08:56 (2938 turns).

Cheops the Changeling (Octopode Shapeshifter)       Turns: 2938, Time: 00:08:57

HP:   -7/37 (38)    AC:  5    Str: 15    XL:     6   Next: 73%
MP:   6/6           EV: 13    Int: 12    God:
Gold: 76            SH:  0    Dex: 12    Spells: 5/5 levels left

rFire   . .          .
                       - Unarmed
rCold   . . .        (no shield)
rNeg    . . .        (helmet currently unavailable)
rPois   .            (no amulet)
rElec   .            i - +4 ring of protection
rCorr   .            (no ring)
SInv    .            (no ring)
Will    .....        (no ring)
Stlth   ++           (no ring)
HPRegen 0.26/turn    (no ring)
MPRegen 0.10/turn    (no ring)
                     (no ring)

%: no passive effects
@: beast-form, hasted, lightly drained, very quick
A: beast (slay +3), almost no armour, amphibious, 8 rings, camouflage 1,
gelatinous body 1, (nimble swimmer 1), tentacles
a: Begin Untransformation


You were on level 4 of the Dungeon.
You were a hulking beast.
You visited 1 branch of the dungeon, and saw 4 of its levels.
You also visited: Sewer.

You collected 76 gold pieces.

Inventory:

Jewellery
 i - a +4 ring of protection (left tentacle)
 q - an amulet of magic regeneration
Talismans
 b - a beast talisman
 c - a flux talisman
Wands
 j - a wand of flame (24)
Scrolls
 f - a scroll of immolation
 g - 2 scrolls of enchant armour {unknown}
 h - a scroll of fog {unknown}
 n - a scroll of identify {unknown}
Potions
 a - a potion of lignification
 d - 3 potions of brilliance
 e - a potion of curing
 k - a potion of cancellation
 l - 2 potions of haste
 m - 3 potions of heal wounds {unknown}
 o - a potion of experience {unknown}
 p - a potion of magic {unknown}


   Skills:
 - Level 1.0 Fighting
 - Level 2.0 Dodging
 - Level 5.0 Unarmed Combat
 + Level 5.7 Shapeshifting


You had 5 spell levels left.
You didn't know any spells.
Your spell library contained the following spells:

 Spells                   Type           Power      Damage    Failure   Level
 Sculpt Simulacrum        Ice/Alch       0%         N/A       100%        6
 Ozocubu's Refrigeration  Ice            0%         4d7       100%        7
 Polar Vortex             Ice            0%         N/A       100%        9


Dungeon Overview and Level Annotations

Branches:
Dungeon (4/15)              Sewer (visited)
 Temple: D:4-7

Altars:
Vehumet


Innate Abilities, Weirdness & Mutations

You are a hulking beast.
Your limbs bulge with bestial killing power. (Slay +3)
You cannot wear most types of armour.
You are amphibious.
You can wear up to eight rings at the same time.
Your skin changes colour to match your surroundings (Stealth+).
Your rubbery body absorbs attacks. (AC +1, EV +1)
((You are camouflaged when in or above water. (Stealth+)))
You have tentacles for arms and can constrict up to eight enemies at once.


Message History

Unknown command.
Unknown command.
Unknown command.
Unknown command.
You tentacle-slap the wight. Your grab misses the wight.
You squeeze the wight, but do no damage.
The wight is severely damaged.
Unknown command.
Unknown command.
You tentacle-slap the wight but do no damage.
You grab the wight.
The wight is severely damaged.
You constrict the wight, but do no damage.
The wight closely misses you.
A wight comes into view. It is wielding a +3 morningstar.
Unknown command.
You bludgeon the wight!
You destroy the wight!
Your life force feels restored.
It was a potion of brilliance.
You feel clever all of a sudden. The wight hits you with a +0 hand axe!
* * * LOW HITPOINT WARNING * * *
Unknown command.
Unknown command.
Unknown command.
It was a potion of curing.
You feel better. The wight closely misses you.
It was a potion of cancellation.
Your magical effects are unravelling.
You feel magically purged.
You feel a little less clever now. The wight hits you with a +0 hand axe!
* * * LOW HITPOINT WARNING * * *
You feel drained.
* * * LOW HITPOINT WARNING * * *
Unknown command.
Unknown command.
It was a potion of haste.
You feel yourself speed up. The wight hits you with a +0 hand axe!
You die...

#.##....#
#†##.####
#.##.#
#.##.#
#<...#
##'####
#...#
#.#.#
#h#.#
#z#.#
#z#.#
..#..
.###. ..
. .. ###


You could see 2 wights.

Vanquished Creatures
  A kobold brigand (Sewer)
  2 wights (D:4)
  Natasha (thrice) (D:2)
  2 river rats (D:3)
  3 adders
  A ribbon worm (D:2)
  A dart slug (D:2)
  2 orcs (D:3)
  6 ball pythons
  5 endoplasms
  6 giant cockroaches
  4 goblins
  6 hobgoblins (D:1)
  19 kobolds
  3 quokkas
  6 bats
  4 frilled lizards
  6 rats
80 creatures vanquished.

Notes
Turn   | Place    | Note
-------+----------+-------------------------------------------
     0 | D:1      | Cheops the Octopode Shapeshifter began the quest for the
                  | Orb.
     0 | D:1      | Reached XP level 1. HP: 13/13 MP: 1/1
   175 | D:1      | Reached XP level 2. HP: 18/18 MP: 2/2
   424 | D:1      | Reached XP level 3. HP: 9/23 MP: 3/3
   855 | D:2      | Noticed Natasha
   862 | D:2      | Killed Natasha
   863 | D:2      | Reached XP level 4. HP: 22/28 MP: 4/4
   923 | D:2      | Found a radiant altar of Vehumet.
  1046 | D:2      | Reached skill level 5 in Unarmed Combat
  1145 | D:2      | Noticed Natasha
  1152 | D:2      | Killed Natasha
  1212 | D:2      | Noticed Natasha
  1226 | D:2      | Killed Natasha
  1227 | D:2      | Reached XP level 5. HP: 18/33 MP: 5/5
  2055 | D:3      | Found a glowing drain.
  2060 | Sewer    | Entered a sewer
  2252 | Sewer    | Noticed a kobold brigand
  2258 | Sewer    | Killed a kobold brigand
  2259 | Sewer    | Reached skill level 5 in Shapeshifting
  2259 | Sewer    | Reached XP level 6. HP: 17/38 MP: 6/6
  2938 | D:4      | Mangled by a wight

Illustrated notes

Levels and vault maps discovered:
D:1:      elethiomel_arrival_infinity_welcomes_careful_drivers,
          layout_loops_ring, minmay_misc_feat_four_crosses
D:2:      layout_loops_corners, basic_altar, uniq_natasha
D:3:      layout_basic, mainiacjoe_sewer_entry_somewhere_in_here_2,
          bh_walls_and_bars
D:4:      layout_loops_ring, evilmike_ruin_ashenzari, vehumet_statue,
          nicolae_tso_swordbearing_angel, lemuel_temple_firewalk_b

Skill      XL: |  1  2  3  4  5 |
---------------+----------------+-----
Unarmed Combat | 4 5 |  5.0
Shapeshifting  | 5 |  5.7
Fighting       | |  1.0
Dodging        | |  2.0

Action                     |  1- 3 |  4- 6 || total
---------------------------+-------+-------++-------
  Melee: Unarmed           |    63 |    92 ||   155
         Constrict         |    19 |    26 ||    45
         Punch             |     1 |     6 ||     7
         Tentacles         |    12 |    19 ||    31
    Use: Scroll            |       |     3 ||     3
         Potion            |       |     4 ||     4
   Stab: Sleeping          |     7 |     7 ||    14
 Armour: Skin              |    18 |    45 ||    63
  Dodge: Dodged            |    33 |    60 ||    93
